 Dungeon Crawl Stone Soup version 0.28-a0-643-g84cb2ea78e (webtiles) character file.

Game seed: 15156705759330579297

24 cheechan the Grasshopper (level 3, -1/24 HPs)
             Began as an Octopode Warper on Oct 11, 2021.
             Slain by a jackal (3 damage)
             ... on level 2 of the Dungeon.
             The game lasted 00:02:48 (689 turns).

cheechan the Grasshopper (Octopode Warper)           Turns: 689, Time: 00:02:48

Health: -1/24      AC:  1    Str: 10    XL:     3   Next: 2%
Magic:  6/6        EV: 13    Int: 15    God:
Gold:   37         SH:  0    Dex: 12    Spells: 4/6 levels left

rFire   . . .      SeeInvis .   a - +0 short sword
rCold   . . .      Faith    .   (no shield)
rNeg    . . .      Spirit   .   (helmet restricted)
rPois   .          Reflect  .   (no amulet)
rElec   .          Harm     .   (no ring)
rCorr   .          Rampage  .   (no ring)
Will    .....                   (no ring)
Stlth   ++........              (no ring)
HPRegen 0.08/turn               (no ring)
MPRegen 0.10/turn               (no ring)
                                (no ring)
                                (no ring)

@: no status effects
A: almost no armour, amphibious, 8 rings, camouflage 1, gelatinous body 1,
(nimble swimmer 1), tentacles
a: no special abilities


You were on level 2 of the Dungeon.
You visited 1 branch of the dungeon, and saw 2 of its levels.

You collected 37 gold pieces.

Inventory:

Hand Weapons
 a - a +0 short sword (weapon)
 d - a +0 spear
 e - the +9 heavy crossbow "Sniper" {vorpal, Acc+∞ SInv}
   (You acquired it on level 1 of the Dungeon)

   Any ammunition fired from it inflicts extra damage upon your enemies.
   Any ammunition fired from it never misses its target.
   SInv:      It lets you see invisible.
 g - a +0 dagger
Missiles
 c - 5 boomerangs of dispersal (quivered)
 i - 27 stones
Magical Staves
 f - a staff of cold
Scrolls
 b - a scroll of blinking
Potions
 j - a potion of flight {unknown}


   Skills:
 + Level 2.1 Fighting
 + Level 2.0 Short Blades
 + Level 1.3 Throwing
 + Level 2.5 Dodging
 + Level 0.6 Stealth
 + Level 2.1 Spellcasting
 + Level 3.5 Translocations


You had 4 spell levels left.
You knew the following spells:

 Your Spells              Type           Power      Damage    Failure   Level
a - Blink                 Tloc           N/A        N/A       8%          2

Your spell library contained the following spells:

 Spells                   Type           Power      Damage    Failure   Level
 Gell's Gravitas          Tloc           6%         N/A       16%         3
 Lesser Beckoning         Tloc           12%        N/A       16%         3
 Teleport Other           Tloc           12%        N/A       16%         3
 Manifold Assault         Tloc           12%        N/A       82%         5
 Fireball                 Conj/Fire      0%         3d3       99%         5
 Iskenderun's Battlesphe  Conj           1%         2d6       99%         5
 Conjure Ball Lightning   Conj/Air       0%         3x3d6     100%        6
 Orb of Destruction       Conj           0%         N/A       100%        7


Dungeon Overview and Level Annotations

Branches:
Dungeon (2/15)

Altars:


Innate Abilities, Weirdness & Mutations

You cannot wear most types of armour.
You are amphibious.
You can wear up to eight rings at the same time.
Your skin changes colour to match your surroundings (Stealth+).
Your rubbery body absorbs attacks. (AC +1, EV +1)
((You are camouflaged near water. (Stealth+)))
You have tentacles for arms and can constrict up to eight enemies at once.


Message History

The jackal misses you. The jackal barely misses you. The jackal bites you.
You hit the jackal but do no damage. You grab the jackal.
You squeeze the jackal.
You kill the jackal!
The jackal misses you. The jackal barely misses you.
You hit the jackal. You grab the jackal.
The jackal is heavily wounded.
You constrict the jackal, but do no damage.
The jackal bites you. x3; The jackal barely misses you.
You hit the jackal.
You kill the jackal!
The jackal misses you.
You have reached level 3!
Your experience leads to an increase in your attributes!
Increase (S)trength, (I)ntelligence, or (D)exterity?
You feel agile.
The jackal bites you but does no damage.
You see here a jackal corpse.
You hit the jackal. Your grab misses the jackal. You squeeze the jackal.
The jackal is heavily wounded.
The jackal misses you. The hobgoblin barely misses you. The jackal misses you.
You hit the jackal but do no damage. Your grab misses the jackal.
The jackal is heavily wounded.
The jackal bites you. The hobgoblin barely misses you.
You barely miss the jackal. Your grab misses the jackal.
The jackal is heavily wounded.
The jackal bites you but does no damage.
The hobgoblin barely misses you. The jackal bites you.
* * * LOW HITPOINT WARNING * * *
You hit the jackal but do no damage. Your grab misses the jackal.
The jackal is heavily wounded.
The hobgoblin hits you.
* * * LOW HITPOINT WARNING * * *
The jackal completely misses you. The jackal bites you.
* * * LOW HITPOINT WARNING * * *
A goblin comes into view. It is wielding a +0 dagger.
There is a stone staircase leading down here.
The jackal bites you.
You die...

###### #....#####
#........# #
#+#######.###.#
##.####.........# #.#
.......@.##########.#
##..#..hg# #.....#
##.#g...# #.########
#....†.# #.#.......
##.....# #.#.######
#.....# #.#.####<#
.......## #.#......#
####...# #.########
..... #........#


You could see a jackal, a hobgoblin and a goblin.

Vanquished Creatures
  2 ball pythons (D:1)
  3 bats (D:1)
  A giant cockroach (D:1)
  5 goblins (D:1)
  4 jackals
  A quokka (D:1)
  4 rats (D:1)
20 creatures vanquished.

Notes
Turn   | Place    | Note
-------+----------+-------------------------------------------
     0 | D:1      | cheechan the Octopode Warper began the quest for the Orb.
     0 | D:1      | Reached XP level 1. HP: 14/14 MP: 3/3
   121 | D:1      | Reached XP level 2. HP: 19/19 MP: 5/5
   124 | D:1      | Learned a level 2 spell: Blink
   340 | D:1      | Identified a scroll of acquirement
   340 | D:1      | Acquired the +9 heavy crossbow "Sniper" {vorpal, Acc+∞
                  | SInv}
   340 | D:1      | Found the +9 heavy crossbow "Sniper" {vorpal, Acc+∞ SInv}
   681 | D:2      | Reached XP level 3. HP: 11/24 MP: 6/6
   689 | D:2      | Slain by a jackal

Illustrated notes

Levels and vault maps discovered:
D:1:      dpeg_arrival_long_road, layout_rooms
D:2:      layout_basic, hellmonk_ecumenical_altar_blasted,
          kennysheep_generic_room_8

Action                   || total
-------------------------++-------
Melee: Short sword       ||    46
       Constrict         ||    12
       Tentacles         ||     6
  Use: Scroll            ||     2
 Stab: Sleeping          ||     2
Armor: Skin              ||     9
Dodge: Dodged            ||    44

Table legend: (Time is in decaauts)
 A = Elapsed time spent in this place.
 B = Non-inter-level travel time spent in this place.
 C = Inter-level travel time spent in this place.
 D = Time resting spent in this place.
 E = Time spent auto-exploring this place.
 F = Levels seen in this place.
 G = Mean time per level.
                   A        B        C        D        E       F      G
               +--------+--------+--------+--------+--------+-----+--------+
         Total |    688 |    688 |      0 |    131 |      0 |   2 |  344.0 |
       Dungeon |    688 |    688 |      0 |    131 |      0 |   2 |  344.0 |
               +--------+--------+--------+--------+--------+-----+--------+

Top non-repeatable levels by time:
     D:1: 575 daAuts
     D:2: 113 daAuts
